 Dungeon Crawl Stone Soup version 0.20.0-4-g10b340a (webtiles) character file.

231 IcyS the Chiller (level 6, -7/36 HPs)
             Began as an Octopode Ice Elementalist on May 28, 2017.
             Mangled by an ice beast (13 damage)
             ... on level 4 of the Dungeon.
             The game lasted 00:14:03 (3637 turns).

IcyS the Chiller (Octopode Ice Elementalist)        Turns: 3637, Time: 00:14:04

Health: -7/36      AC:  1    Str: 10    XL:     6   Next: 3%
Magic:  12/12      EV: 13    Int: 17    God:
Gold:   121        SH:  0    Dex: 14    Spells: 5/13 levels left

rFire    . . .     SeeInvis .   w - +0 trident
rCold    . . .     Gourm    .   (no shield)
rNeg     . . .     Faith    .   (helmet restricted)
rPois    .         Spirit   .   (no amulet)
rElec    .         Reflect  .   f - +2 ring of strength
rCorr    .         Harm     .   (no ring)
MR       .....                  (no ring)
Stlth    +++.......             (no ring)
Regen    0.2/turn               (no ring)
MPRegen  0.2/turn               (no ring)
                                (no ring)
                                (no ring)

@: no status effects
A: almost no armour, stealthy swim, amphibious, 8 rings, constrict 8, camouflage
1, gelatinous body 1
a: no special abilities


You were on level 4 of the Dungeon.
You were hungry.

You visited 1 branch of the dungeon, and saw 4 of its levels.

You collected 121 gold pieces.

Inventory:

Hand Weapons
 h - a +0 mace
 n - a +0 dagger of speed
 w - a +0 trident (weapon)
Jewellery
 c - an uncursed ring of protection from fire {unknown}
 f - a +2 ring of strength (left tentacle)
Wands
 o - a wand of scattershot (7/9)
Scrolls
 e - a scroll of recharging {unknown}
 g - 2 scrolls of identify {unknown}
 i - 2 scrolls of amnesia {unknown}
 m - a scroll of remove curse {unknown}
 p - a scroll of fog {unknown}
 r - a scroll of immolation {unknown}
 v - a scroll of blinking {unknown}
Potions
 d - a potion of curing {unknown}
 j - 2 potions of agility {unknown}
 q - a potion of might {unknown}
 s - a potion of magic {unknown}
 x - a potion of flight {unknown}
Books
 a - a book of Frost

   Spells                             Type                      Level
   a - Freeze                         Ice                          1
   b - Throw Frost                    Conjuration/Ice              2
   c - Ozocubu's Armour               Charms/Ice                   3
   d - Throw Icicle                   Conjuration/Ice              4
   e - Summon Ice Beast               Ice/Summoning                4
 t - a book of Minor Magic

   Spells                             Type                      Level
   a - Magic Dart                     Conjuration                  1
   b - Blink                          Translocation                2
   c - Call Imp                       Summoning                    2
   d - Slow                           Hexes                        2
   e - Conjure Flame                  Conjuration/Fire             3
   f - Mephitic Cloud                 Conjuration/Poison/Air       3
 y - Sif Muna's Guide on Cold
   (You found it on level 3 of the Dungeon)

   Spells                             Type                      Level
   a - Freeze                         Ice                          1
Comestibles
 b - 3 bread rations
 k - a meat ration
 l - 2 royal jellies
 u - 4 chunks of flesh


   Skills:
 - Level 2.0 Dodging
 - Level 3.0 Stealth
 + Level 4.0 Spellcasting
   Level 1.0 Conjurations
 + Level 5.0 Ice Magic


You had 5 spell levels left.
You knew the following spells:

 Your Spells              Type           Power        Failure   Level  Hunger
a - Freeze                Ice            ###.         1%          1    None
b - Ozocubu's Armour      Chrm/Ice       ##......     17%         3    ###....
c - Summon Ice Beast      Ice/Summ       ##......     50%         4    ####...


Dungeon Overview and Level Annotations

Branches:
Dungeon (4/15)
 Temple: D:4-7

Altars:
Qazlal
Sif Muna
Yredelemnul


Innate Abilities, Weirdness & Mutations

You cannot wear most types of armour.
You are very stealthy in the water. (Stealth+)
You are amphibious.
You can wear up to eight rings at the same time.
You can use your tentacles to constrict eight enemies at once.
Your skin changes colour to match your surroundings (Stealth+).
Your rubbery body absorbs attacks. (AC +1, EV +1)


Message History

The ice beast is lightly wounded.
The ice beast hits you. The ice beast freezes you!
* * * LOW HITPOINT WARNING * * *
You are too injured to fight recklessly!
You see here a dagger.
Your magical contamination has completely faded away.
Some of the chunks of flesh in your inventory have rotted away.
You are feeling hungry.
The ice beast hits you. The ice beast freezes you.
* * * LOW HITPOINT WARNING * * *
There is a deep blue altar of Sif Muna, spattered with blood here.
There is an open door here.
There is an escape hatch in the floor, spattered with blood here.
Things that are here:
a dagger; a robe You slide downwards.
The hatch slams shut behind you. The ice beast hits you.
* * * LOW HITPOINT WARNING * * *
The ice beast freezes you!
You die...

#####
#@..#
#..#Y...#
#.......#
#.##.#...#
## #. #..#
## ##.# ##


You could see an ice beast.

Vanquished Creatures
  Ijyb (D:3)
  4 gnolls
  5 adders
  An ooze (D:1)
  4 worms
  2 dart slugs
  7 leopard geckos
  5 orcs (D:3)
  2 giant cockroaches
  10 hobgoblins
  7 kobolds
  A quokka (D:3)
  7 bats
  4 frilled lizards
  8 goblins
  5 rats
73 creatures vanquished.

Vanquished Creatures (others)
  2 orc wizards (D:3)
2 creatures vanquished.

Grand Total: 75 creatures vanquished

Notes
Turn   | Place    | Note
-------+----------+-------------------------------------------
     0 | D:1      | IcyS the Octopode Ice Elementalist began the quest for the Orb.
     0 | D:1      | Reached XP level 1. HP: 11/11 MP: 3/3
   334 | D:1      | Reached XP level 2. HP: 3/17 MP: 1/5
   728 | D:1      | Reached XP level 3. HP: 14/21 MP: 0/6
  1217 | D:2      | Reached skill level 4 in Ice Magic
  1408 | D:2      | Reached XP level 4. HP: 27/27 MP: 6/8
  1781 | D:2      | Found a basalt altar of Yredelemnul.
  1793 | D:2      | Found a stormy altar of Qazlal.
  1812 | D:2      | Learned a level 3 spell: Ozocubu's Armour
  1817 | D:2      | Learned a level 4 spell: Summon Ice Beast
  2510 | D:3      | Noticed Ijyb
  2522 | D:3      | Killed Ijyb
  2522 | D:3      | Reached XP level 5. HP: 16/31 MP: 0/10
  3487 | D:3      | Found a deep blue altar of Sif Muna.
  3500 | D:3      | Reached skill level 5 in Ice Magic
  3500 | D:3      | Reached XP level 6. HP: 30/36 MP: 8/12
  3527 | D:3      | Identified Sif Muna's Guide on Cold
  3574 | D:3      | Noticed an ice beast
  3637 | D:4      | Mangled by an ice beast

Skill      XL: |  1  2  3  4  5 |
---------------+----------------+-----
Ice Magic      | 4 5 |  5.0
Spellcasting   | 3 4 |  4.0
Stealth        | 3 |  3.0
Dodging        | |  2.0
Conjurations   | |  1.0

Action                   |  1- 3 |  4- 6 || total
-------------------------+-------+-------++-------
Melee: Unarmed           |     6 |       ||     6
       Constrict         |     7 |    22 ||    29
       Mace              |     6 |       ||     6
       Dagger            |     9 |    59 ||    68
       Tentacles         |     1 |    12 ||    13
       Trident           |       |    16 ||    16
 Cast: Freeze            |    35 |    42 ||    77
       Ozocubu's Armour  |       |    10 ||    10
 Stab: Sleeping          |     4 |    10 ||    14
  Eat: Chunk             |     2 |     7 ||     9
Armor: Skin              |     7 |     6 ||    13
Dodge: Dodged            |    40 |    30 ||    70
